 Dungeon Crawl Stone Soup version 0.31.0-32-g396128a36d (webtiles) character file.

Game seed: 15232601070665996449

412976 concernfroge the Slayer (level 22, -16/224 HPs)
             Began as a Minotaur Berserker on Apr 13, 2024.
             Was a High Priest of Trog.
             Blown up by a lich (78 damage)
             ... with an orb of destruction
             ... on level 5 of the Vaults on Apr 14, 2024.
             The game lasted 05:18:55 (48525 turns).

concernfroge the Slayer (Minotaur Berserker)       Turns: 48525, Time: 05:18:56

Health: -16/224    AC: 20    Str: 30    XL:     22   Next: 50%
Magic:  21/21      EV: 23    Int:  4    God:    Trog [*****.]
Gold:   1688       SH: 15    Dex: 19    Spells: 21/21 levels left

rFire   + . .        b - +6 demon trident (spect)
rCold   + . .        l - +0 buckler {rC+}
rNeg    . . .        v - +3 robe of Clouds {*Thunder rCloud rElec}
rPois   +            D - +2 hat
rElec   +            U - +2 cloak {Will+}
rCorr   +            f - +2 pair of gloves
SInv    .            I - +2 pair of boots
Will    +++++        c - amulet of reflection
Stlth   ++           h - ring "Umoip" {+Blink rF+ Will+}
HPRegen 1.57/turn    Y - ring of Jumecify {rPois rCorr Dex+6}
MPRegen 0.17/turn

%: reflection
@: strong-willed, regenerating, studying Long Blades
A: horns 2, retaliatory headbutt, inability to drink after injury 1
}: 2/15 runes: barnacled, gossamer
a: Renounce Religion, Evoke Blink, Berserk, Trog's Hand, Brothers in Arms


You were on level 5 of the Vaults.
You worshipped Trog.
Trog was extremely pleased with you.
You visited 8 branches of the dungeon, and saw 38 of its levels.
You visited the Abyss 1 time.
You also visited: Trove, Sewer, Bailey and Ice Cave.

You collected 5518 gold pieces.
You spent 3830 gold pieces at shops.

Inventory:

Hand Weapons
 a - a +6 antimagic demon trident
 b - a +6 spectral demon trident (weapon)
Missiles
 d - 8 javelins (quivered)
 j - 21 poisoned darts
 u - 44 boomerangs
 J - 3 curare-tipped darts
 W - 8 silver javelins
 X - 6 atropa-tipped darts
 Z - 2 throwing nets
Armour
 f - a +2 pair of gloves (worn)
 l - a +0 buckler of cold resistance (worn)
 v - the +3 robe of Clouds (worn) {*Thunder rCloud rElec}
   (You found it on level 5 of the Dungeon)

   *Thunder:  It occasionally creates storm clouds above nearby enemies.
   rCloud:    It grants its wearer immunity to clouds.
   rElec:     It insulates you from electricity.
 D - a +2 hat (worn)
 I - a +2 pair of boots (worn)
 U - a +2 cloak of willpower (worn)
Jewellery
 c - an amulet of reflection (around neck)
 h - the ring "Umoip" (left hand) {+Blink rF+ Will+}
   (You bought it in a shop on level 4 of the Dungeon)

   [ring of willpower]

   rF+:       It protects you from fire.
   Will+:     It increases your willpower.
   +Blink:    It lets you blink.
 i - an amulet of regeneration
 s - a ring of see invisible
 z - the ring of a Billion Knives {Ice Fly Str+5}
   (You took it off a merfolk impaler on level 4 of the Shoals)

   [ring of ice]

   Ice:       It enhances your ice magic.
   Str+5:     It affects your strength (+5).
   rF-:       It makes you vulnerable to fire.
   rC+:       It protects you from cold.
   Fly:       It grants you flight.
 C - a ring of positive energy
 Y - the ring of Jumecify (right hand) {rPois rCorr Dex+6}
   (You bought it in a shop on level 4 of the Dungeon)

   [ring of dexterity]

   Dex+6:     It affects your dexterity (+6).
   rPois:     It protects you from poison rCorr: It protects you from acid and
   corrosion.
Wands
 y - a wand of polymorph (13)
 A - a wand of flame (10)
 E - a wand of iceblast (19)
 F - a wand of digging (5)
 H - a wand of charming (23)
 M - a wand of acid (5)
 Q - a wand of mindburst (5)
Scrolls
 g - 2 scrolls of vulnerability
 n - 5 scrolls of poison
 p - 3 scrolls of revelation
 q - a scroll of silence
 t - 6 scrolls of summoning
 x - 4 scrolls of blinking
 G - a scroll of acquirement
 K - 6 scrolls of torment
 O - 2 scrolls of fear
 R - 6 scrolls of teleportation
 T - 8 scrolls of immolation
 V - 5 scrolls of fog
Potions
 e - 15 potions of curing
 k - 4 potions of heal wounds
 m - a potion of resistance
 o - 4 potions of mutation
 r - 6 potions of invisibility
 w - 11 potions of might
 B - a potion of cancellation
 P - 6 potions of lignification
 S - 6 potions of haste
Miscellaneous
 N - a phantom mirror


   Skills:
 + Level 24.6 Fighting
 - Level 14.0 Polearms
 - Level 16.0 Throwing
 - Level 18.0 Armour
 - Level 16.0 Dodging
 - Level 22.0 Shields
 - Level 18.0 Evocations


You had 21 spell levels left.
You didn't know any spells.
Your spell library was empty.

Dungeon Overview and Level Annotations

Branches:
Dungeon (15/15)            Temple (1/1) D:7            Lair (5/5) D:8
 Shoals (4/4) Lair:3       Spider (4/4) Lair:2        Slime (0/5) Lair:5
    Orc (2/2) D:11            Elf (2/3) Orc:2        Vaults (5/5) D:13
  Crypt (0/3) Vaults:3     Depths (0/4) D:15          Sewer (visited)
 Bailey (visited)           IceCv (visited)

Altars:
Ashenzari
Cheibriados
Dithmenos
Elyvilon
Fedhas
Gozag
Hepliaklqana
Kikubaaqudgha
Makhleb
Nemelex Xobeh
Okawaru
Qazlal
Ru
Sif Muna
Trog
Uskayaw
Vehumet
Wu Jian
Xom
Yredelemnul
Zin
The Shining One
Jiyva

Shops:
D:4 =   D:12 [   Orc:2 ?=!(*   Shoals:3 [   Vaults:3 (

Annotations:
Elf:2 3 runed translucent doors, exclusion: 3 doors


Innate Abilities, Weirdness & Mutations

You have a pair of horns on your head.
You reflexively headbutt those who attack you in melee.
You occasionally lose the ability to drink potions when taking damage.


Message History

You hit the shadow dragon but do no damage.
The shadow dragon is almost dead.
Your +6 spectral demon trident hits the shadow dragon from afar!!
You kill the shadow dragon!
Trog accepts your kill.
Throw: 11 javelins
Press: ? - help, Shift-Dir - straight line, f - stone giant
Aim: a stone giant, quivering large rocks (lightly wounded, very poisoned, slow, 93% to hit)
You throw a javelin.
The javelin hits the stone giant and shatters for extra damage!!
The stone giant is moderately wounded.
Your +6 spectral demon trident disappears.
A lich comes into view.
An ettin comes into view.
It is wielding a +2 dire flail of holy wrath and a +0 dire flail.
Okay, then.
Throw: 10 javelins
Press: ? - help, Shift-Dir - straight line, f/p - stone giant
Aim: a stone giant, quivering large rocks (moderately wounded, very poisoned, slow, 93% to hit)
You throw a javelin. The lich shouts!
The javelin pierces through the stone giant!!!
The stone giant is almost dead.
Throw: 9 javelins
Press: ? - help, Shift-Dir - straight line, f/p - stone giant
Aim: a stone giant, quivering large rocks (almost dead, very poisoned, slow, 93% to hit)
You throw a javelin.
The javelin pierces through the stone giant!!
You kill the stone giant!
Trog accepts your kill.
Throw: 9 javelins (silver)
Press: ? - help, Shift-Dir - straight line, f - lich
Aim: a lich (75% to hit)
You throw a silver javelin.
The silver javelin closely misses the lich.
The lich conjures an orb of pure magic.
An orb of destruction comes into view.
The lich launches a ball of destructive magic.
An orb of destruction comes into view.
The orb of destruction hits you!!!!
You die...

.......(<<)$..........
#####..(([((.#########
#...$L))(....
#..#.*.)#.###
...##.C)$#.# ...#
#.○..#.# #.. #.○..#.#
## #.○..# #).○@#
#....# #((..# #....#
#.(..# #....# #...(#
#....# #....#


You could see a lich and an ettin.

Vanquished Creatures
  Mara (Vaults:3)
  Nikola (Spider:3)
  Arachne (Spider:3)
  3 tentacled monstrosities
  A titan (Vaults:5)
  Rupert (Lair:3)
  A lich (IceCv)
  5 sphinxes
  2 krakens
  2 storm dragons
  2 tentacled starspawn (Abyss:2)
  Roxanne (Shoals:3)
  3 tengu reavers
  3 shadow dragons
  Ilsuiw (Shoals:2)
  An iron dragon (Vaults:5)
  A fenstrider witch (Shoals:3)
  5 emperor scorpions
  2 deep elf sorcerers
  12 vault wardens
  7 ghost moths
  2 very ugly things
  4 formless jellyfish
  3 orc warlords
  21 ironbound preservers
  4 stone giants
  4 ironbound thunderhulks
  5 deep elf demonologists
  3 deep elf death magi
  19 dire elephants
  8 spark wasps
  2 war gargoyles
  7 merfolk impalers
  2 ettins
  5 merfolk javelineers
  Josephine (D:10)
  3 fire dragons
  5 deep elf high priests
  6 yaktaur captains
  An entropy weaver (Vaults:4)
  7 hydras
  Fannar (Lair:3)
  30 vault guards
  A peacekeeper (Vaults:4)
  A caustic shrike simulacrum (IceCv)
  3 ogre magi
  5 great orbs of eyes
  7 ironbound frosthearts
  Erica (D:10)
  A jorogumo (Spider:2)
  A radroach (Spider:1)
  6 merfolk avatars
  A catoblepas (Lair:4)
  10 boulder beetles
  3 merfolk aquamancers
  An alligator snapping turtle (Shoals:3)
  10 centaur warriors
  3 satyrs
  7 two-headed ogres
  A tengu warrior (D:15)
  A death yak (Lair:4)
  7 death scarabs (Spider:4)
  A deep troll earth mage (Vaults:1)
  4 thrashing horrors (Abyss:2)
  14 dancing weapons
  8 demonic crawlers
  The ghost of Tripartite the Destroyer, a novice DrCj of Vehumet (D:8)
  A hell knight (Abyss:2)
  13 deep elf knights
  7 skeletal warriors (D:13)
  13 sea snakes
  Amaemon (D:8)
  A fire crab (Lair:4)
  9 pharaoh ants
  3 skysharks
  An anaconda zombie (Abyss:2)
  A storm dragon skeleton (Abyss:2)
  62 deep trolls
  A glowing orange brain (Vaults:2)
  10 deep elf archers
  A phantasmal warrior (Vaults:1)
  A swamp dragon (Lair:5)
  6 arcanists
  3 spriggan simulacra (IceCv)
  18 ironbound convokers
  A wolf spider zombie (Spider:4)
  22 orb spiders
  An obsidian statue (IceCv)
  A spectral wolf spider (Spider:4)
  6 bog bodies (IceCv)
  A spectral jorogumo (Spider:4)
  6 steelbarb worms
  9 orc knights
  Pikel (D:5)
  21 harpies
  10 lindwurms (Vaults:1)
  31 deep elf pyromancers
  26 deep elf zephyrmancers
  5 necromancers
  8 orc sorcerers (Orc:2)
  18 manticores
  2 oklob plants
  17 wolf spiders
  29 ugly things
  A broodmother zombie (Spider:4)
  15 fauns
  A fire giant zombie (Vaults:3)
  2 worldbinders (Abyss:2)
  5 cyclopes
  3 meliai (D:15)
  A manticore (shapeshifter) (Vaults:3)
  A stone giant skeleton (Vaults:3)
  11 merfolk sirens
  3 moths of wrath
  Joseph (D:8)
  29 elephants
  2 large abominations (Abyss:2)
  5 black mambas
  A gargoyle (D:11)
  6 cane toads
  10 torpor snails
  21 vault sentinels
  2 smoke demons (Abyss:2)
  2 water nymphs (Shoals:4)
  2 orange demons
  2 unseen horrors
  An efreet (D:15)
  4 rime drakes
  12 komodo dragons
  Jeremiah (D:8)
  2 spectral redbacks (Spider:4)
  2 human zombies (Vaults:3)
  32 yaktaurs
  21 freezing wraiths
  An ice devil (IceCv)
  A tengu conjurer (D:15)
  A redback zombie (Spider:4)
  A golden dragon simulacrum (IceCv)
  4 anaconda simulacra (IceCv)
  25 merfolk
  5 trolls
  2 spectral culicivoras (Spider:4)
  5 wind drakes
  24 blink frogs
  3 tarantella zombies (Spider:4)
  4 alligator simulacra (IceCv)
  14 dream sheep
  A jumping spider zombie (Spider:4)
  A dream sheep (shapeshifter) (Vaults:5)
  A raiju (Abyss:2)
  33 tarantellas
  An ettin skeleton (Vaults:3)
  22 jumping spiders
  10 snapping turtles
  29 slime creatures
  A stone giant simulacrum (Vaults:3)
  31 culicivoras
  A ynoxinul (Abyss:2)
  3 air elementals
  A centaur simulacrum (D:15)
  7 wyverns
  68 yaks
  12 water elementals
  2 fire elementals
  3 small abominations (Abyss:2)
  6 wraiths
  2 dire elephant simulacra (IceCv)
  3 fire bats
  A vampire (D:14)
  12 basilisks
  6 humans (Bailey)
  3 neqoxecs (Abyss:2)
  A warg (Orc:2)
  47 redbacks
  3 vampire mosquitoes (D:10)
  2 minotaur simulacra (IceCv)
  3 steam dragons
  A harpy simulacrum (IceCv)
  16 water moccasins
  5 acid dragons
  2 hell hounds (Lair:2)
  18 orc warriors
  2 ice beasts
  4 black bears
  2 swamp drakes (Lair:5)
  7 laughing skulls
  16 wolves
  An ettin simulacrum (IceCv)
  6 ogres (Orc:2)
  8 boggarts
  8 centaurs
  2 phantoms
  A lemure (D:5)
  A kobold brigand (D:8)
  30 bullfrogs
  2 brain worms (Sewer)
  2 earth elementals (Elf:1)
  3 scorpions
  10 wights
  4 lindwurm simulacra (IceCv)
  A swamp dragon simulacrum (Abyss:2)
  3 killer bees (D:11)
  5 howler monkeys
  3 electric eels
  A bombardier beetle (D:5)
  3 jellies
  3 hounds
  14 orc priests
  A sleepcap (D:6)
  A gnoll bouda (D:8)
  Crazy Yiuf (D:3)
  17 iguanas
  Natasha (thrice) (D:3)
  37 orc wizards
  10 gnolls
  7 adders
  4 river rats (Sewer)
  2 shadow imps (D:8)
  6 ufetubi
  4 dart slugs
  3 ribbon worms
  69 orcs
  3 endoplasms (D:1)
  3 giant cockroaches
  10 hobgoblins
  11 jackals
  14 kobolds
  A quokka (D:5)
  7 ball pythons
  8 bats
  3 frilled lizards
  9 goblins
  13 rats
  A lurking horror (Abyss:2)
  A starspawn tentacle (Abyss:2)
1704 creatures vanquished.

Vanquished Creatures (collateral kills)
  A tengu reaver (Vaults:1)
  A fire giant (Vaults:1)
  A deep elf sorcerer (Vaults:5)
  4 vault wardens
  5 ironbound preservers
  An ironbound thunderhulk (Vaults:1)
  A stone giant (Vaults:1)
  The ghost of Josephus the Spry, a journeyman FeBe of Trog (Elf:1)
  A dire elephant (Vaults:1)
  A merfolk impaler (Shoals:4)
  A yaktaur captain (Vaults:3)
  A dancing weapon (Elf:1)
  A deep troll (Vaults:4)
  A deep elf archer (Elf:1)
  A phantasmal warrior (Vaults:5)
  3 harpies
  2 ugly things (Vaults:4)
  An ironbound convoker (Vaults:3)
  7 yaktaurs
  A freezing wraith (Vaults:5)
  A merfolk (Shoals:4)
  A spectral jumping spider (Spider:4)
  A snapping turtle (Shoals:4)
  A water elemental (Shoals:4)
  An orc priest (Orc:2)
  An orc (Orc:2)
42 creatures vanquished.

Vanquished Creatures (others)
  A deep elf pyromancer (Elf:1)
  A deep elf zephyrmancer (Elf:1)
  Prince Ribbit (Bailey)
  A culicivora (Spider:3)
  A redback (Spider:2)
  2 water moccasins (D:8)
  An orc wizard (Orc:2)
  6 spectral weapons
  3 starspawn tentacles (Abyss:2)
  19 tentacles
36 creatures vanquished.

Grand Total: 1782 creatures vanquished

Notes
Turn   | Place    | Note
-------+----------+-------------------------------------------
     0 | D:1      | concernfroge the Minotaur Berserker began the quest for the
                  | Orb.
     0 | D:1      | Reached XP level 1. HP: 19/19 MP: 0/0
   186 | D:1      | Reached XP level 2. HP: 27/27 MP: 1/1
   705 | D:2      | Reached skill level 4 in Fighting
   785 | D:2      | Reached XP level 3. HP: 31/33 MP: 2/2
  1168 | D:2      | Reached ** piety under Trog
  1313 | D:3      | Found a faded altar of an unknown god.
  1456 | D:3      | Reached XP level 4. HP: 40/40 MP: 3/3
  1629 | D:3      | Noticed Natasha
  1647 | D:3      | Killed Natasha
  1663 | D:3      | Noticed Natasha
  1683 | D:3      | Killed Natasha
  1684 | D:3      | Reached XP level 5. HP: 47/47 MP: 4/4
  2302 | D:3      | Noticed Natasha
  2311 | D:3      | Killed Natasha
  2348 | D:3      | Found a runed translucent door.
  2349 | D:3      | Noticed Crazy Yiuf
  2538 | D:4      | Reached skill level 5 in Fighting
  2571 | D:4      | Reached skill level 5 in Polearms
  2571 | D:4      | Reached XP level 6. HP: 50/56 MP: 5/5
  2679 | D:4      | Found Sedafel's One-of-a-Kind Rings.
  3069 | D:5      | Entered Level 5 of the Dungeon
  3069 | D:5      | Found an iron altar of Okawaru.
  3069 | D:5      | Found a broken altar of Ashenzari.
  3080 | D:4      | Reached skill level 5 in Armour
  3213 | D:4      | Bought a +3 ring of strength for 100 gold pieces
  3239 | D:5      | Found the +3 robe of Clouds {*Thunder rCloud rElec}
  3295 | D:5      | Reached skill level 6 in Fighting
  3295 | D:5      | Reached skill level 5 in Dodging
  3295 | D:5      | Reached XP level 7. HP: 58/63 MP: 6/6
  3316 | D:5      | Reached *** piety under Trog
  3325 | D:5      | Reached skill level 7 in Fighting
  3459 | D:5      | Noticed Pikel
  3476 | D:5      | Killed Pikel
  3477 | D:5      | Reached skill level 9 in Fighting
  3477 | D:5      | Reached XP level 8. HP: 77/79 MP: 7/7
  3519 | D:5      | Found a glowing drain.
  3529 | Sewer    | Entered a sewer
  3647 | Sewer    | Reached skill level 10 in Fighting
  3662 | Sewer    | Reached skill level 1 in Throwing
  4103 | D:5      | Found a blossoming altar of Fedhas.
  4111 | D:5      | Found a hazy altar of Hepliaklqana.
  4112 | D:5      | Found a glowing silver altar of Zin.
  4112 | D:5      | Found a sacrificial altar of Ru.
  4112 | D:5      | Found a shimmering blue altar of Sif Muna.
  4112 | D:5      | Found a shimmering altar of Xom.
  4112 | D:5      | Found a burning altar of Makhleb.
  4113 | D:5      | Found a stormy altar of Qazlal.
  4114 | D:5      | Found an ancient bone altar of Kikubaaqudgha.
  4115 | D:5      | Found a bloodstained altar of Trog.
  4116 | D:5      | Found a sparkling altar of Nemelex Xobeh.
  4121 | D:5      | Found a basalt altar of Yredelemnul.
  4407 | D:6      | Reached skill level 1 in Shields
  4528 | D:6      | Reached skill level 1 in Evocations
  4560 | D:6      | Noticed a troll
  4565 | D:6      | Killed a troll
  4565 | D:6      | Reached **** piety under Trog
  4566 | D:6      | Reached XP level 9. HP: 85/85 MP: 8/8
  5003 | D:7      | Identified the ring of Tender Moments {rF+ EV+5 Int+3}
  5282 | D:7      | Found a staircase to the Ecumenical Temple.
  5294 | Temple   | Entered the Ecumenical Temple
  5761 | D:8      | Noticed Jeremiah
  5766 | D:8      | Noticed Joseph
  5793 | D:8      | Killed Jeremiah
  5794 | D:8      | Killed Joseph
  5795 | D:8      | Reached skill level 5 in Throwing
  5795 | D:8      | Reached skill level 5 in Shields
  5934 | D:8      | Reached XP level 10. HP: 88/93 MP: 9/9
  5966 | D:8      | Found a staircase to the Lair.
  6003 | D:8      | Reached ***** piety under Trog
  6024 | D:8      | Reached skill level 5 in Evocations
  6128 | D:8      | Noticed Amaemon
  6128 | D:8      | Noticed an orange demon
  6134 | D:8      | Killed Amaemon
  6135 | D:8      | Reached skill level 10 in Polearms
  6140 | D:8      | Killed an orange demon
  6315 | D:8      | Found a runed translucent door.
  6317 | D:8      | Noticed Tripartite's ghost (novice DrCj)
  6365 | D:8      | Noticed a cyclops
  7116 | D:9      | Noticed a green ugly thing
  7130 | D:9      | Killed a green ugly thing
  7877 | D:10     | Entered Level 10 of the Dungeon
  7879 | D:10     | Noticed Josephine
  7895 | D:10     | Killed Josephine
  7896 | D:10     | Reached XP level 11. HP: 101/101 MP: 10/10
  8059 | D:10     | Found a flagged portal.
  8098 | Bailey   | Entered a bailey
  8284 | Bailey   | Noticed Prince Ribbit
  8284 | Bailey   | Noticed a vault guard
  8298 | Bailey   | Your ally Prince Ribbit died
  8307 | Bailey   | Killed a vault guard
  8355 | Bailey   | Noticed a vault guard
  8395 | Bailey   | Killed a vault guard
  8738 | D:10     | Noticed Erica
  8749 | D:10     | Killed Erica
  8750 | D:10     | Reached skill level 11 in Fighting
  9351 | Lair:1   | Entered Level 1 of the Lair of Beasts
  9359 | Lair:1   | You fall into a shaft and drop 1 floor!
  9364 | Lair:2   | Noticed a five-headed hydra
  9374 | Lair:2   | Killed a five-headed hydra
  9378 | Lair:2   | Noticed a boulder beetle
  9392 | Lair:2   | Killed a boulder beetle
  9536 | Lair:2   | Reached XP level 12. HP: 72/110 MP: 11/11
  9569 | Lair:2   | Found a hole to the Spider Nest.
  9877 | Lair:2   | Found a transporter.
 10308 | Lair:2   | Found a transporter.
 10308 | Lair:2   | Found the +2 hat of the Bear Spirit {Spirit, Bear, *Rage
                  | Will++}
 10443 | Lair:1   | Received a gift from Trog
 10607 | Lair:1   | Reached skill level 12 in Fighting
 11456 | D:4      | Bought the ring of Jumecify {rPois rCorr Dex+6} for 528
                  | gold pieces
 11605 | Lair:3   | Noticed Rupert
 11609 | Lair:3   | Reached XP level 13. HP: 95/118 MP: 12/12
 11610 | Lair:3   | Killed Rupert
 11877 | Lair:3   | Reached ****** piety under Trog
 11881 | Lair:3   | Found a staircase to the Shoals.
 12040 | Lair:3   | Noticed Fannar
 12048 | Lair:3   | Killed Fannar
 12510 | Lair:4   | Received a gift from Trog
 12722 | Lair:4   | Reached skill level 10 in Shields
 12724 | Lair:4   | Reached skill level 10 in Armour
 12809 | Lair:4   | Reached skill level 10 in Dodging
 12995 | Lair:4   | Reached skill level 10 in Evocations
 13204 | Lair:4   | Reached XP level 14. HP: 126/126 MP: 13/13
 13426 | Lair:4   | Identified the +7 plate armour of Action {rF+ rN+ Will+
                  | Str-4}
 13428 | Lair:4   | Identified the staff "Ylatell" {rElec rF+ Dex-2 Conj Fire}
 13867 | Lair:5   | Entered Level 5 of the Lair of Beasts
 13947 | Lair:5   | Received a gift from Trog
 14097 | Lair:5   | Reached skill level 13 in Fighting
 14168 | Lair:5   | Found a viscous altar of Jiyva.
 14188 | Lair:5   | Found a staircase to the Slime Pits.
 14546 | Lair:5   | Identified the +2 quarterstaff of Duclit {freeze, Will++
                  | Int+3 Dex-4}
 15077 | D:11     | Found a staircase to the Orcish Mines.
 15291 | D:11     | Reached skill level 14 in Fighting
 15711 | Orc:1    | Entered Level 1 of the Orcish Mines
 15836 | Orc:2    | Entered Level 2 of the Orcish Mines
 15859 | Orc:2    | Noticed an orc warlord
 15874 | Orc:2    | Killed an orc warlord
 15874 | Orc:2    | Received a gift from Trog
 15984 | Orc:2    | Found Kiucium's Mass Market.
 16026 | Orc:2    | Found a staircase to the Elven Halls.
 16252 | Orc:2    | Found Demo Iph's Antique Weapon Boutique.
 16264 | Orc:2    | Reached XP level 15. HP: 139/139 MP: 14/14
 16293 | Orc:2    | Found Xopteuw's Distillery.
 16310 | Orc:2    | Bought a potion of haste for 150 gold pieces
 16323 | Orc:2    | Found an ancient bone altar of Kikubaaqudgha.
 16350 | Orc:2    | Paralysed by an orc sorcerer for 5 turns
 16394 | Orc:2    | Found a radiant altar of Vehumet.
 16426 | Orc:2    | Found Ajibacve's Jewellery Shop.
 16427 | Orc:2    | Found Ladadios's Magic Scroll Boutique.
 16428 | Orc:2    | Received a gift from Trog
 16482 | Orc:2    | Bought a scroll of identify for 32 gold pieces
 16482 | Orc:2    | Bought a scroll of identify for 32 gold pieces
 16720 | Orc:2    | Bought a scroll of noise for 16 gold pieces
 17138 | D:12     | Found a snail-covered altar of Cheibriados.
 17315 | D:12     | Identified the +4 robe of Niexo Xifoyn {Int-5 Dex+8}
 17465 | D:12     | Found a portal to a secret trove of treasure.
 17639 | D:12     | Found Cheibriados's Comfort Zone.
 17895 | D:13     | Reached skill level 15 in Fighting
 17907 | D:13     | Found a gate to the Vaults.
 18693 | D:13     | Received a gift from Trog
 19467 | D:14     | Reached skill level 16 in Fighting
 19885 | D:15     | Entered Level 15 of the Dungeon
 20083 | D:15     | Found an iron altar of Okawaru.
 20317 | D:15     | Identified the +4 chain mail of the Skiapode {*Slow Fly
                  | MP+9 Int-2}
 20621 | D:15     | Found a staircase to the Depths.
 20959 | Spider:1 | Entered Level 1 of the Spider Nest
 21049 | Spider:1 | Received a gift from Trog
 21144 | Spider:1 | Reached skill level 10 in Throwing
 21170 | Spider:1 | Reached XP level 16. HP: 151/151 MP: 5/15
 21489 | Spider:1 | Identified a scroll of acquirement
 21490 | Spider:1 | Acquired a manual of Evocations
 22629 | Spider:2 | Received a gift from Trog
 22980 | Spider:2 | Reached skill level 15 in Evocations
 23515 | Spider:3 | Noticed Nikola
 23527 | Spider:3 | Killed Nikola
 23801 | Spider:3 | Noticed Arachne
 23826 | Spider:2 | Reached XP level 17. HP: 145/158 MP: 5/16
 23883 | Spider:3 | Killed Arachne
 24226 | Shoals:1 | Entered Level 1 of the Shoals
 24419 | Shoals:1 | Received a gift from Trog
 25491 | Shoals:2 | Noticed Ilsuiw
 25530 | Shoals:2 | Killed Ilsuiw
 25813 | Shoals:2 | Noticed a kraken
 25864 | Shoals:2 | Killed a kraken
 26312 | Shoals:3 | Received a gift from Trog
 26518 | Shoals:3 | Noticed Roxanne
 26547 | Shoals:3 | Killed Roxanne
 26927 | Shoals:3 | Found a glacial archway.
 26947 | IceCv    | Entered an ice cave
 27100 | IceCv    | Identified the +12 spear of Day {flame, Dex+3} (Trog gifted
                  | it to you in an ice cave)
 27100 | IceCv    | Received a gift from Trog
 27362 | IceCv    | Noticed a lich
 27370 | IceCv    | Killed a lich
 27482 | IceCv    | Found an ancient bone altar of Kikubaaqudgha.
 27540 | IceCv    | Reached XP level 18. HP: 137/166 MP: 7/17
 27758 | Shoals:3 | Found Huepn's Antique Armour Shoppe.
 27849 | Shoals:3 | Bought a smoking scale mail for 207 gold pieces
 27849 | Shoals:3 | Identified the +3 scale mail of Hairiness {-Tele rN++
                  | Str+2} (You bought it in a shop on level 3 of the Shoals)
 27854 | Shoals:3 | Bought a glowing orb for 276 gold pieces
 28325 | Orc:2    | Bought an amulet of reflection for 390 gold pieces
 28540 | D:4      | Bought the ring "Umoip" {+Blink rF+ Will+} for 460 gold
                  | pieces
 28727 | Elf:1    | Entered Level 1 of the Elven Halls
 28754 | Elf:1    | Received a gift from Trog
 29239 | Elf:1    | Found a runed translucent gate.
 29239 | Elf:1    | Found a runed translucent gate.
 29239 | Elf:1    | Found a runed translucent gate.
 29245 | Elf:1    | Reached skill level 17 in Fighting
 29283 | Elf:1    | Noticed Josephus's ghost (journeyman FeBe)
 29329 | Elf:1    | Received a gift from Trog
 29336 | Elf:1    | Identified the +5 dire flail "Alosh" {flame, rElec Str+5
                  | Dex+3}
 30090 | Elf:1    | Reached skill level 18 in Fighting
 30317 | Elf:1    | Killed Josephus's ghost
 30348 | Elf:1    | Identified the +0 cloak of Devotion {rPois}
 30709 | Spider:4 | Entered Level 4 of the Spider Nest
 32305 | Spider:4 | Received a gift from Trog
 32892 | Spider:4 | Reached XP level 19. HP: 179/179 MP: 6/18
 32932 | Spider:4 | Got a gossamer rune of Zot
 33228 | Shoals:4 | Entered Level 4 of the Shoals
 33324 | Shoals:4 | Identified the +1 quarterstaff of Haycs {drain, Str+5}
 33422 | Shoals:4 | Reached skill level 15 in Throwing
 33861 | Shoals:4 | Identified the +0 robe of Dohuckob {rElec Str+5 Slay+2}
 34221 | Shoals:4 | Received a gift from Trog
 34366 | Shoals:4 | Identified the +0 leather armour of Dithmenos's Vengeance
                  | {Rampage rN+ Stlth+}
 34606 | Shoals:4 | Identified the ring of a Billion Knives {Ice Fly Str+5}
 35227 | Shoals:4 | Got a barnacled rune of Zot
 35702 | Abyss:2  | Cast into level 2 of the Abyss (+4 short sword of
                  | distortion)
 35714 | Abyss:2  | Found a corrupted altar of Lugonu.
 36040 | Abyss:2  | Reached skill level 15 in Dodging
 36143 | Abyss:2  | Found a corrupted altar of Lugonu.
 36348 | Abyss:2  | Gained mutation: You occasionally lose the ability to drink
                  | potions when taking damage. [a neqoxec]
 36629 | Elf:2    | Escaped the Abyss
 36758 | Elf:2    | Identified the +7 glaive of Joujizugro {flame, ^Fragile
                  | Will- rCorr Dex+4} (Trog gifted it to you on level 2 of the
                  | Elven Halls)
 36758 | Elf:2    | Received a gift from Trog
 37254 | Elf:2    | Reached skill level 19 in Fighting
 37550 | Elf:2    | Found a runed translucent gate.
 37551 | Elf:2    | Found a runed translucent gate.
 37551 | Elf:2    | Found a runed translucent gate.
 37714 | Elf:2    | Paralysed by an air elemental for 1 turns
 37854 | Elf:2    | Acquired 1074 gold pieces
 38000 | Orc:2    | Bought a potion of heal wounds for 75 gold pieces
 38000 | Orc:2    | Bought a potion of curing for 45 gold pieces
 38000 | Orc:2    | Bought a potion of cancellation for 120 gold pieces
 38000 | Orc:2    | Bought a potion of might for 60 gold pieces
 38102 | Vaults:1 | Entered Level 1 of the Vaults
 38394 | Vaults:1 | Reached XP level 20. HP: 193/193 MP: 6/19
 38556 | Vaults:1 | Reached skill level 20 in Fighting
 38644 | Vaults:1 | Received a gift from Trog
 38645 | Vaults:1 | Reached skill level 15 in Armour
 39021 | Vaults:1 | Reached skill level 21 in Fighting
 40540 | Vaults:2 | Received a gift from Trog
 40541 | Vaults:2 | Reached skill level 22 in Fighting
 41469 | Vaults:2 | Reached skill level 15 in Shields
 42110 | Vaults:2 | Received a gift from Trog
 42520 | Vaults:3 | Found Ceynn's Weapon Boutique.
 42523 | Vaults:3 | Bought the +8 demon blade of Generosity {flame, rPois rC++}
                  | for 1339 gold pieces
 42665 | D:12     | You paid a toll of a +8 demon blade to enter a treasure
                  | trove
 42666 | Trove    | Entered a treasure trove
 42911 | Lair:2   | Identified the staff of the Leaping Wolf {^Contam Int+7
                  | Earth}
 43281 | D:3      | Killed Crazy Yiuf
 43416 | D:8      | Killed Tripartite's ghost
 43420 | D:8      | Reached XP level 21. HP: 207/207 MP: 6/20
 43969 | Vaults:3 | Noticed Mara
 44071 | Vaults:3 | Killed Mara
 44603 | Vaults:3 | Reached skill level 23 in Fighting
 44631 | Vaults:3 | Received a gift from Trog
 45531 | Vaults:3 | Found a staircase to the Crypt.
 45531 | Vaults:3 | Found an ancient bone altar of Kikubaaqudgha.
 45531 | Vaults:3 | Found a basalt altar of Yredelemnul.
 46187 | Vaults:4 | Received a gift from Trog
 46614 | Vaults:4 | Reached skill level 24 in Fighting
 46797 | Vaults:4 | Received a gift from Trog
 47022 | Vaults:4 | Reached XP level 22. HP: 176/222 MP: 21/21
 47313 | Vaults:4 | Identified the +0 leather armour "Anetheuff" {-Tele rElec
                  | Int+3}
 47401 | Vaults:5 | Entered Level 5 of the Vaults
 47707 | Vaults:5 | Received a gift from Trog
 48496 | Vaults:5 | Identified the +3 scale mail "Mubuecog" {Rampage +Blink rF-
                  | Will-}
 48507 | Vaults:5 | Identified the +8 great sword "Jeuphyci" {freeze, Dex+3}
 48525 | Vaults:5 | Blown up by a lich

Illustrated notes

Levels and vault maps discovered:
D:1:      sevenhm_arrival_forest_fort_large_4, layout_basic
D:2:      minmay_alternating_diamond, layout_rooms, serial_glass,
          glass_columns_a, glass_columns_a, minmay_misc_feat_alley
D:3:      layout_basic, dreamdust_ecumenical_altar_grove, minmay_hedge_maze,
          minmay_parallelograms, uniq_natasha, uniq_crazy_yiuf_cottage
D:4:      layout_rooms, nicolae_shop_unique_rings
D:5:      layout_cave_pools, minitemple, portal_sewer_entry_d, uniq_pikel
D:6:      layout_basic
D:7:      layout_basic, minmay_temple_entry_statues_fountains
D:8:      layout_basic, due_lair_maze_entry_diamond, ebering_ghost_inner_flame,
          uniq_joseph, uniq_amaemon, uniq_jeremiah
D:9:      layout_basic
D:10:     layout_irregular_city, enter_bailey_2, minmay_misc_feat_doors,
          uniq_erica, uniq_josephine
D:11:     layout_small_grid, david_orc_5, nicolae_phantomly_mirrored
D:12:     layout_long_grid, enter_trove_5, minmay_shop_chei
D:13:     layout_basic, david_vaults_2, serial_bayou_lake_a
D:14:     layout_roguey, minivault_11
D:15:     grunt_enter_depths_hoard, layout_basic,
          hellmonk_okawaru_the_only_friend_you_need
Temple:   pf_temple_reverse_labyrinth
Lair:1:   layout_loops_ring, grunt_megastairs_4, infiniplex_staircase_pool,
          serial_bayou_shore_b, serial_bayou_shore_b, uniq_prince_ribbit2
Lair:2:   gammafunk_cloud_chamber, layout_concentric_octagons,
          hellmonk_spider_entry_life_and_decay, minmay_lair_oklob_items
Lair:3:   beast_lair_carwin_large_3, layout_chaotic_city,
          nicolae_shoals_entry_roost, uniq_rupert, uniq_fannar
Lair:4:   nzn_winding_woodlands_stair_trap [nzn_winding_woodlands_5x15_cabin,
          nzn_winding_woodlands_5x15_twine, nzn_winding_woodlands_5x15_crooked,
          nzn_winding_woodlands_15x15_boxy_spiral,
          nzn_winding_woodlands_5x15_pathside_ponds,
          nzn_winding_woodlands_5x15_sawtooth,
          nzn_winding_woodlands_5x15_longhouse], layout_regular_city,
          grunt_megastairs_5
Lair:5:   guppyfry_lair_end_dragon, layout_misc_corridors, slime_entry_1
Shoals:1: layout_shoals, nicolae_shoals_loop_pool
Shoals:2: layout_shoals, uniq_ilsuiw
Shoals:3: layout_shoals, portal_ice_cave_entry_frozen_things, serial_shops,
          shop, nicolae_shoals_beach_house_on_fowls_legs, uniq_roxanne
Shoals:4: shoals_end_hangedman, layout_shoals
Spider:1: layout_spider_delve
Spider:2: layout_spider_delve, nicolae_orb_island,
          hangedman_spider_tarantella_strand
Spider:3: layout_spider_delve, uniq_nikola, uniq_arachne
Spider:4: floodkiller_spider_rune_tomb, nicolae_orb_stairs
Orc:1:    layout_diamond_mine, bh_open_orc_temple
Orc:2:    kennysheep_orc_mage_school, layout_caves, minmay_shop_mass
Elf:1:    nicolae_elf_arrival_aired_out, layout_loops_cross,
          gammafunk_ghost_tricky_traps, hangedman_elf_disciples,
          hangedman_glass_teeth, drop_trap, minivault_16
Elf:2:    nicolae_elf_blades_crystal_corner, layout_onion_city
Vaults:1: nicolae_vaults_offset_grid_hallway_1, ontoclasm_vaults_ring_square,
          dpeg_vaults_pockets_of_resistance, ontoclasm_vaults_decontamination,
          vaults_dpeg_cross, nicolae_vaults_tetromino_Z_2, vaults_room_corners,
          layout_vaults_quadrants
Vaults:2: hangedman_vaults_river_flow, vaults_room_ringed_pool,
          vaults_dpeg_ring, nicolae_vaults_network_periphery,
          nicolae_vaults_frosty_reception, v_misc_4, nicolae_vaults_wrenched,
          v_misc_24, nicolae_vaults_diamond_1, v_misc_15, layout_vaults_ring
Vaults:3: vaults_room_octagon, nicolae_vaults_border_crossing, v_misc_31,
          v_misc_10, dpeg_vaults_monster_row, vaults_room_fancy_cross,
          minmay_crypt_entry_necro_gods, vaults_room_boxed, v_misc_12,
          nicolae_vaults_rhombus_6, nicolae_vaults_branching_niches, v_misc_17,
          nicolae_vaults_tetromino_L_2, nicolae_vaults_tetromino_L_2,
          layout_vaults_omnibox, serial_shops,
          nicolae_shop_tiny_real_fake_doors, uniq_mara
Vaults:4: nicolae_vaults_house_1, v_alt_pattern_4,
          nicolae_vaults_shrinking_rooms_1, nicolae_vaults_security_offices_3,
          nicolae_vaults_angled_halls, v_misc_16, vaults_room_semicircle,
          nicolae_vaults_angled_halls, nicolae_vaults_little_squares_5,
          v_misc_25, ontoclasm_vaults_ligature, v_rooms_6, vaults_room_pools,
          layout_vaults_maze_bifur
Vaults:5: uniq_sojobo

Skill      XL: |  1  2  3  4  5  6  7  8  9 10 11 12 13 14 15 16 17 18 19 20 21 22 |
---------------+-------------------------------------------------------------------+-----
Fighting       | 4 5 6 9 10 11 12 14 16 18 19 22 24 | 24.6
Polearms       | 4 5 7 9 11 12 14 | 14.0
Armour         | 3 4 5 7 8 10 12 14 16 18 | 18.0
Dodging        | 3 4 5 7 8 10 12 13 14 16 | 16.0
Throwing       | 3 5 6 8 10 12 14 16 | 16.0
Shields        | 3 5 7 8 10 12 14 16 21 22 | 22.0
Evocations     | 1 4 5 6 8 10 12 17 18 | 18.0

Action                     |  1- 3 |  4- 6 |  7- 9 | 10-12 | 13-15 | 16-18 | 19-21 | 22-24 || total
---------------------------+-------+-------+-------+-------+-------+-------+-------+-------++-------
  Melee: Spear             |   132 |   140 |   104 |       |       |    69 |       |       ||   445
         Headbutt          |    12 |    14 |    27 |    83 |   288 |   394 |   461 |    32 ||  1311
         Punch             |       |       |     1 |       |       |       |       |       ||     1
         Trident           |       |       |   112 |   499 |  1172 |       |       |       ||  1783
         Demon trident     |       |       |       |       |   237 |  1736 |  1878 |    90 ||  3941
  Throw: Javelin           |       |     5 |     2 |       |     4 |       |       |     9 ||    20
         Dart              |       |       |     7 |    11 |       |    25 |     3 |    10 ||    56
         Boomerang         |       |       |       |       |     1 |       |       |       ||     1
 Invoke: Berserk           |       |     2 |     2 |     4 |     2 |     6 |    16 |     1 ||    33
         Trog's Hand       |       |     1 |     1 |     2 |     1 |     9 |    20 |     3 ||    37
         Brothers in Arms  |       |       |       |       |       |     2 |     9 |     1 ||    12
  Evoke: Wand              |       |       |     7 |    18 |    17 |    19 |    17 |     9 ||    87
         Phantom mirror    |       |       |       |       |     2 |       |       |       ||     2
    Use: Scroll            |       |    10 |     5 |     6 |    13 |     8 |    13 |     7 ||    62
         Potion            |       |       |       |     1 |       |     3 |     5 |     7 ||    16
   Stab: Distracted        |       |       |     1 |       |     3 |     3 |     6 |     1 ||    14
         Sleeping          |       |       |     1 |     2 |     4 |     4 |     8 |       ||    19
 Armour: Ring mail         |     6 |       |       |       |       |       |       |       ||     6
         Scale mail        |     5 |       |       |       |       |       |       |       ||     5
         Chain mail        |    29 |    79 |       |       |       |       |       |       ||   108
         Robe              |       |     3 |    69 |   124 |   208 |   597 |   523 |    91 ||  1615
  Dodge: Dodged            |    40 |    39 |    92 |   216 |   472 |   906 |   706 |    70 ||  2541
         Repelled          |       |       |     1 |     4 |     8 |    16 |       |       ||    29
  Block: Buckler           |       |       |    15 |    46 |   197 |   549 |   654 |    71 ||  1532
         Reflection        |       |       |       |       |       |    14 |    80 |    10 ||   104
